AoeStats
← So sad

Nomad

507509666Analyzed
3v3 RM · 13d ago on Sep 18, 2026· 73m 13s· 6 players
Game mode
Random Map
Map size
210×210
Population
200
Speed
Normal
Resources
Standard
Victory
Conquest
Starting age
Dark Age
Ending age
Imperial Age
RankedLock teamsTeams togetherTeam positionsShared explorationLock speedFull tech treeHidden civsTurbo modeCheats
Victory
Defeat
1349
+17
🇨🇳 Koreans · China
1317
+18
🇨🇳 Mongols · China
1299
+18
🇧🇾 Saracens · Belarus
1376
-18
🇺🇦 Shu · Ukraine
1376
-18
🇧🇾 Portuguese · Belarus
1344
-17
HURMA
3:42 Loom
5:07 Loom
15:14 Feudal Age
15:52 Double-Bit Axe
17:02 Fishing Lines
19:12 Wheelbarrow
19:06 Fletching
21:27 Gold Mining
23:50 Castle Age
23:42 Forging
23:39 Scale Barding Armor
24:18 Gold Mining
24:21 Gillnets
24:21 Town Watch
25:37 Iron Casting
25:54 Chain Barding Armor
26:37 Husbandry
27:18 Hand Cart
30:29 Gold Shaft Mining
30:45 Bow Saw
32:49 Medium Warships
33:48 Bimaristan
34:04 Bloodlines
34:39 Stone Mining
37:43 Imperial Age
38:07 Horse Collar
37:51 Elite Mameluke
39:02 Heavy Plow
40:08 Blast Furnace
41:49 Plate Barding Armor
42:05 Siege Engineers
45:40 Two-Man Saw
45:49 Bodkin Arrow
49:05 Chemistry
48:26 Ballistics
48:09 Bracer
48:10 Padded Archer Armor
48:44 Elite Skirmisher
49:30 Thumb Ring
50:35 Masonry
50:06 Treadmill Crane
50:51 Sanctity
50:46 Fervor
50:59 Leather Archer Armor
53:10 Light Cavalry
55:29 Hoardings
55:14 Conscription
56:19 Counterweights
58:23 Ring Archer Armor
58:03 Town Patrol
58:58 Coinage
58:28 Caravan
62:48 Hussar
65:55 Banking
65:26 Caravan
66:26 Murder Holes
66:43 Clinker Construction
68:37 Scale Mail Armor
68:54 Fortified Wall
69:05 Carvel Hull
NiL
5:12 Loom
13:48 Feudal Age
14:45 Double-Bit Axe
16:00 Gold Mining
18:14 Castle Age
16:43 Fishing Lines
17:41 Fletching
19:29 Medium Warships
19:51 Gillnets
20:15 Forging
22:26 Wheelbarrow
21:36 Town Watch
22:50 Padded Archer Armor
24:40 Bow Saw
26:47 Thumb Ring
26:02 Crossbowman
26:42 Pikeman
29:25 Bodkin Arrow
32:51 Scale Mail Armor
33:09 Leather Archer Armor
43:04 Chain Mail Armor
43:09 Stone Mining
44:02 Hand Cart
46:02 Horse Collar
47:02 Gold Shaft Mining
47:14 Ballistics
49:45 Imperial Age
47:21 Elite Skirmisher
48:37 Coiled Serpent Array
49:32 Masonry
49:18 Murder Holes
50:31 Bracer
51:03 Plate Mail Armor
51:48 Arbalester
60:23 Chemistry
60:50 Conscription
70:34 Two-Man Saw
So sad
6:08 Loom
14:37 Feudal Age
15:05 Town Watch
15:20 Fishing Lines
19:14 Castle Age
19:54 Forging
19:36 Double-Bit Axe
20:08 Medium Warships
24:27 Iron Casting
24:11 Horse Collar
24:43 Gold Mining
25:47 Bloodlines
28:11 Sanctity
28:04 Stone Mining
28:23 Pikeman
30:31 Husbandry
31:01 Fletching
32:47 Bow Saw
34:34 Light Cavalry
36:00 Stone Shaft Mining
36:13 Wheelbarrow
39:00 Bodkin Arrow
41:53 Imperial Age
40:05 Masonry
40:17 Ballistics
40:54 Circumnavigation
42:02 Scale Barding Armor
43:45 Cavalier
45:51 Gillnets
46:08 Treadmill Crane
46:59 Architecture
47:13 Conscription
68:39 Hand Cart
72:28 Padded Archer Armor
菜鸟来练手
4:45 Loom
11:59 Feudal Age
12:32 Town Watch
12:44 Double-Bit Axe
15:45 Forging
22:16 Castle Age
21:37 Scale Barding Armor
21:44 Bloodlines
22:45 Stone Mining
22:25 Light Cavalry
23:26 Chain Barding Armor
23:15 Gold Mining
25:10 Bow Saw
26:11 Husbandry
31:22 Fletching
35:55 Wheelbarrow
36:06 Herbal Medicine
36:47 Bodkin Arrow
39:03 Ballistics
39:17 Murder Holes
40:49 Masonry
43:22 Padded Archer Armor
46:23 Leather Archer Armor
58:04 Imperial Age
55:56 Fortified Wall
56:59 Hand Cart
60:28 Chemistry
59:46 Bracer
59:27 Elite Mangudai
60:38 Parthian Tactics
60:19 Thumb Ring
61:01 Town Patrol
61:48 Conscription
65:56 Nomads
小帅shuai
5:31 Loom
14:24 Feudal Age
16:18 Double-Bit Axe
17:11 Fishing Lines
21:25 Castle Age
19:42 Gold Mining
26:41 Scale Mail Armor
27:35 Horse Collar
28:32 Gillnets
31:52 Bow Saw
35:02 Wheelbarrow
36:59 Imperial Age
35:27 Town Watch
36:30 Hand Cart
37:32 Gold Shaft Mining
38:40 Scale Mail Armor
40:39 Chain Mail Armor
40:35 Forging
42:38 Conscription
43:42 Chemistry
43:36 Capped Ram
45:04 Elite Fire Lancer
45:23 Pikeman
46:02 Halberdier
46:48 Squires
47:26 Plate Mail Armor
49:29 Coinage
50:29 Iron Casting
50:13 Masonry
50:24 Ballistics
50:10 Siege Engineers
49:36 Elite War Wagon
49:41 Heavy Rocket Cart
51:09 Banking
51:31 Scale Barding Armor
52:49 Two-Man Saw
53:12 Eupseong
54:22 Stone Mining
55:01 Chain Barding Armor
魔鬼我在索马里
4:42 Loom
11:57 Feudal Age
13:35 Forging
13:26 Scale Mail Armor
14:41 Arson
19:55 Castle Age
19:04 Gold Mining
19:52 Double-Bit Axe
24:07 Horse Collar
31:57 Heavy Plow
32:31 Bow Saw
32:58 Wheelbarrow
34:31 Hand Cart
39:00 Imperial Age
36:44 Fletching
37:31 Iron Casting
37:11 Chain Mail Armor
37:23 Squires
37:09 Gambesons
41:10 Crop Rotation
40:54 Bagains
41:15 Conscription
41:34 Plate Mail Armor
40:54 Capped Ram
43:05 Blast Furnace
42:34 Siege Ram
46:31 Onager
47:22 Bodkin Arrow
48:19 Pikeman
49:18 Halberdier
52:26 Siege Onager
58:44 Chemistry
58:42 Siege Engineers
61:37 Elite Skirmisher
62:23 Thumb Ring
62:22 Bracer
62:22 Padded Archer Armor
64:34 Leather Archer Armor
68:41 Bloodlines
67:52 Light Cavalry
68:41 Husbandry
68:44 Light Cavalry
70:26 Scale Barding Armor
Connection lost

Rejoining the realm…

Still unreachable

The connection could not be restored.

Session expired

The server has moved on; the page needs a fresh start.